Map: Catalyst LE

Players

ItsJustaGame

  • Race: Protoss Protoss
  • League: Master
  • Spawn Location: 11:00

JasonKnight - Winner!

  • Race: Protoss Protoss
  • League: Diamond
  • Spawn Location: 5:00

VOD

Have the link to the VOD?

Description

Time

  • Played on: Aug. 6, 2018, 9:44 p.m.
  • Length: 7:24
Show
View Real Time Build Order
Export as new Build Order

ItsJustaGame Protoss 

Build Orders:  

Get SALT Encoding   

  12  0:01  Probe  
  13  0:13  Probe  
  14  0:18  Pylon  
  14  0:25  Probe  
  15  0:36  Probe  
  15  0:39  Gateway  
  16  0:44  Probe  
  16  0:49  Assimilator  
  17  0:52  Probe  
  18  1:17  Zealot  
  20  1:42  Zealot  
  20  2:03  Nexus  
  20  2:21  Pylon  
  20  2:23  Probe  
  21  3:02  Cybernetics Core  
  21  3:03  Gateway  
  21  3:07  Probe  
  22  3:15  Probe  
  22  3:17  Probe  
  22  3:19  Warp Gate  
  24  3:29  Probe  
  26  3:41  Probe  
  26  3:46  Twilight Council  
  26  3:54  Probe  
  27  3:57  Gateway  
  27  3:59  Gateway  
  27  4:04  Probe  
  27  4:05  Assimilator  
  28  4:16  Pylon  
  28  4:34  Gateway  
  28  4:53  Assimilator  
  28  4:59  Pylon  
  28  5:01  Pylon  
  28  5:03  Pylon  
  28  5:13  Gateway  
  28  5:25  Stalker x2  
  28  5:26  Stalker  
  34  5:34  Stalker  
  34  5:47  Stalker x2  
  36  5:57  Adept  
  32  6:12  Adept x2  
  32  6:17  Adept  
Show
View Real Time Build Order
Export as new Build Order

JasonKnight Protoss - Winner!

Build Orders:  

Get SALT Encoding   

  12  0:01  Probe  
  13  0:13  Probe  
  14  0:17  Pylon  
  14  0:25  Probe  
  15  0:36  Forge  
  15  0:40  Probe  
  16  1:00  Pylon  
  16  1:13  Pylon  
  16  1:20  Photon Cannon  
  16  1:22  Gateway  
  15  1:57  Photon Cannon, Probe  
  15  2:00  Assimilator  
  16  2:04  Assimilator  
  16  2:07  Pylon  
  16  2:09  Probe  
  17  2:20  Cybernetics Core  
  17  2:23  Photon Cannon  
  17  2:31  Probe  
  18  2:40  Pylon  
  18  2:43  Probe  
  19  2:55  Probe  
  20  2:59  Warp Gate  
  20  3:06  Pylon  
  20  3:12  Probe  
  21  3:20  Robotics Facility  
  21  3:29  Photon Cannon  
  21  3:31  Probe  
  22  3:49  Probe  
  23  3:59  Photon Cannon  
  23  4:09  Gateway  
  23  4:10  Gateway  
  23  4:15  Immortal  
  27  4:54  Warp Prism  
  29  5:11  Stalker x3  
  35  5:17  Pylon  
  35  5:35  Stalker x2  
  39  5:41  Stalker  
  36  6:10  Stalker  
Tags
 
Matchup
PvP
Spawn Locations
Cross Positions
Add a new tag
Caveats
  • Supply blocks, unpowered buildings, or Contaminate may cause inaccurate times.
  • Supply counts are checked every 10 seconds.